 Dungeon Crawl Stone Soup version 0.16.1-18-g436b03c (webtiles) character file.

478 krizzle the Ducker (level 6, -1/56 HPs)
             Began as a Draconian Berserker on May 10, 2015.
             Was a Believer of Trog.
             Slain by a gnoll
             ... wielding a +0 halberd
              (18 damage)
             ... on level 4 of the Dungeon.
             The game lasted 00:18:06 (3972 turns).

krizzle the Ducker (Draconian Berserker)            Turns: 3972, Time: 00:18:06

Health: -1/56      AC:  9    Str: 20    XL:     6   Next: 86%
Magic:  6/6        EV: 14    Int:  7    God:    Trog [**....]
Gold:   175        SH:  0    Dex: 12    Spells: 0 memorised, 5 levels left

rFire  . . .     SeeInvis +     i - +5 whip
rCold  . . .     Clarity  .     (armour unavailable)
rNeg   . . .     SustAb   .     (no shield)
rPois  .         Gourm    .     (helmet restricted)
rElec  .         Spirit   .     (no cloak)
rCorr  .         Warding  .     P - +1 pair of gloves
rMut   .         Stasis   .     R - +0 pair of boots
MR     .....                    (no amulet)
Stlth  ++........               U - ring of teleport control
                                c - ring of see invisible

@: not resistant to hostile enchantments, unstealthy
A: unfitting armour, cold-blooded, AC +6
a: Burn Spellbooks, Berserk, Trog's Hand, Renounce Religion, Evoke Teleport
Control


You were on level 4 of the Dungeon.
You worshipped Trog.
Trog was pleased with you.
You were full.

You visited 1 branch of the dungeon, and saw 4 of its levels.

You collected 175 gold pieces.

Inventory:

Hand weapons
 a - a +0 falchion
 b - a +0 club
 e - a +0 hand axe
 i - a +5 whip (weapon)
 l - a +0 whip
 m - a +0 club
 p - a +0 club
 q - a +0 dagger
 r - a +0 hunting sling
 s - a +0 dagger
 u - a +0 short sword
 x - a cursed -2 club
 y - a +0 whip
 z - a cursed -1 whip
 B - a +3 dagger of speed
 E - a +0 club
 H - a cursed -3 hunting sling
 I - a +1 falchion of slicing
 L - a +0 hand axe
 O - a cursed -3 flail
 W - a +0 spear
 Y - a +2 short sword of venom
Missiles
 g - 12 poisoned needles (quivered)
 j - 35 arrows
 k - 21 stones
 v - 2 tomahawks of dispersal
 V - 21 sling bullets
Armour
 n - a +0 robe
 o - a cursed +0 leather armour
 t - a +0 chain mail
 w - a +0 leather armour
 C - a +0 robe
 F - a +0 helmet
 J - a +3 chain mail of magic resistance
 M - a +0 helmet
 P - a +1 pair of gloves (worn)
 R - a +0 pair of boots (worn)
 T - a +0 pair of gloves of strength
 X - a +0 cloak
Jewellery
 c - a ring of see invisible (left hand)
 U - a ring of teleport control (right hand)
Magical devices
 Q - a wand of paralysis (10)
Scrolls
 D - 2 scrolls of remove curse
 N - a scroll of amnesia
 S - a scroll of teleportation
Potions
 f - 2 potions of might
 h - a potion of flight
 G - a potion of brilliance
 K - a potion of restore abilities {unknown}
Comestibles
 d - 3 meat rations
 A - a beef jerky


   Skills:
 + Level 5.0 Fighting
 + Level 3.6 Long Blades
 + Level 2.1 Maces & Flails
 + Level 5.2 Dodging
 + Level 1.9 Stealth


You had 5 spell levels left.
You didn't know any spells.

Dungeon Overview and Level Annotations

Branches:
Dungeon (4/15)
 Temple: D:4-7

Altars:
Elyvilon
Gozag
Okawaru
Qazlal


Innate Abilities, Weirdness & Mutations

Your plain brown scales are hard (AC +6).
Your body does not fit into most forms of armour.
Your cold-blooded metabolism reacts poorly to cold.


Message History

a club; a worker ant corpse; a worker ant corpse You barely miss the gnoll.
You tail-slap the gnoll.
The gnoll is lightly wounded.
The hobgoblin completely misses you.
You hit the gnoll.
The gnoll is moderately wounded.
The gnoll hits you with a whip. The gnoll barely misses you.
The hobgoblin misses you.
You barely miss the gnoll.
The gnoll is moderately wounded.
The gnoll barely misses you. x2
The hobgoblin closely misses you.
You hit the gnoll.
The gnoll is heavily wounded.
The gnoll hits you with a whip. The gnoll hits you with a halberd!
The hobgoblin completely misses you.
You hit the gnoll.
The gnoll is heavily wounded.
The gnoll hits you with a whip. The gnoll hits you with a halberd!!
You die...

..# #...... ..# #..... # ..#
#..... ..###. ..## #...#. #..#...
...# #...## #......
##...########...## ###....#
###................#
##......###..g................
####...........g@g.#.............
.................###...######....
.#..............####...## ##.....
###.....................###....##
# #.....................#....###
# #.........................##
##.......................###
##..............>........##
#.†)#....................###


You could see 2 gnolls and a hobgoblin.

Vanquished Creatures
  A vampire bat (D:3)
  3 orc priests (D:4)
  A giant frog skeleton (D:4)
  2 worker ants (D:4)
  Ijyb (D:2)
  Jessica (D:2)
  Terence (D:2)
  A hound skeleton (D:4)
  2 adders
  A gnoll (D:4)
  2 worms
  An adder skeleton (D:4)
  3 fire bats (D:3)
  5 giant geckos
  An ooze (D:1)
  3 orcs
  2 spectral bats (D:3)
  A ball python (D:1)
  23 bats
  3 bat skeletons (D:3)
  A bat zombie (D:3)
  8 goblins
  7 hobgoblins
  2 jackals (D:4)
  10 kobolds
  A ball python skeleton (D:4)
  A bat simulacrum (D:3)
  3 giant cockroaches
  A giant gecko skeleton (D:4)
  3 giant newts
  12 rats
  3 plants (D:1)
110 creatures vanquished.

Vanquished Creatures (others)
  A quokka (D:4)
  A goblin (D:4)
2 creatures vanquished.

Grand Total: 112 creatures vanquished

Notes
Turn   | Place    | Note
--------------------------------------------------------------
     0 | D:1      | krizzle, the Draconian Berserker, began the quest for the Orb.
     0 | D:1      | Reached XP level 1. HP: 19/19 MP: 1/1
   204 | D:1      | Reached XP level 2. HP: 9/26 MP: 2/2
   847 | D:2      | Reached XP level 3. HP: 33/33 MP: 3/3
   926 | D:2      | Noticed Ijyb
   936 | D:2      | Killed Ijyb
   936 | D:2      | Reached skill level 4 in Fighting
  1169 | D:2      | Acquired Trog's second power
  1201 | D:2      | Found an opulent altar of Gozag.
  1201 | D:2      | Noticed Jessica
  1211 | D:2      | Killed Jessica
  1211 | D:2      | Reached XP level 4. HP: 33/40 MP: 4/4
  1558 | D:2      | Noticed Terence
  1575 | D:2      | Killed Terence
  2119 | D:3      | Found a stormy altar of Qazlal.
  2541 | D:3      | Reached skill level 1 in Maces & Flails
  2555 | D:3      | Reached XP level 5. HP: 47/47 MP: 5/5
  2853 | D:3      | Reached skill level 1 in Stealth
  3132 | D:4      | Found a white marble altar of Elyvilon.
  3176 | D:4      | Reached XP level 6. HP: 38/53 MP: 6/6
  3492 | D:4      | Reached skill level 5 in Dodging
  3574 | D:4      | Reached skill level 5 in Fighting
  3758 | D:4      | Found an iron altar of Okawaru.
  3972 | D:4      | Slain by a gnoll

Action                   |  1- 3 |  4- 6 || total
-------------------------+-------+-------++-------
Melee: Falchion          |   197 |       ||   197
       Whip              |    38 |   224 ||   262
Evoke: Wand              |       |     1 ||     1
  Use: Scroll            |     3 |     6 ||     9
       Potion            |     4 |     2 ||     6
  Eat: Bread ration      |       |     3 ||     3
       Pizza             |       |     1 ||     1
